 Dungeon Crawl Stone Soup version 0.27-a0-789-g6bb3289e1e (webtiles) character file.

Game seed: 13105124517737034681

9585 jabarkas the Grappler (level 11, -2/74 (88) HPs)
             Began as a Palentonga Transmuter on Mar 26, 2021.
             Was a Priest of Ru.
             Slain by a hell rat (7 damage)
             ... on level 1 of the Lair of Beasts.
             The game lasted 00:36:35 (18627 turns).

jabarkas the Grappler (Palentonga Transmuter)      Turns: 18627, Time: 00:36:36

HP:   -2/74 (88)    AC: 10    Str: 15    XL:     11   Next: 25%
MP:   16/20         EV: 10    Int: 14    God:    Ru [***...]
Gold: 165           SH:  0    Dex: 12    Spells: 4/22 levels left

rFire    + . .     SeeInvis +     - Unarmed
rCold    . . .     Faith    .   (shield currently unavailable)
rNeg     . . .     Spirit   .   P - +0 swamp dragon scales
rPois    +         Reflect  .   A - +0 helmet
rElec    .         Harm     .   G - +0 cloak
rCorr    .         Rampage  .   (gloves currently unavailable)
Will     +....                  (no barding)
Stlth    +.........             (no amulet)
HPRegen  0.00/turn              u - ring of willpower
MPRegen  0.17/turn              F - ring of protection from fire

@: blade hands (expiring), heavily drained, curled up
A: large, rugged brown scales 3, see invisible, deformed body, screaming 1,
inhibited regeneration, inability to train armour, reduced AC 1, roll 1,
armoured tail, reflexive curl
a: Rolling Charge, End Transformation, Renounce Religion, Draw Out Power


You were on level 1 of the Lair of Beasts.
You worshipped Ru.
Ru was most pleased with you.
You had blades for hands.
You visited 2 branches of the dungeon, and saw 12 of its levels.
You also visited: Sewer.

You collected 645 gold pieces.
You spent 480 gold pieces at shops.

Inventory:

Missiles
 n - 25 boomerangs
 p - 58 poisoned darts (quivered)
 r - a throwing net
 J - 4 javelins
 N - 5 curare-tipped darts
Armour
 v - a +0 kite shield
 A - a +0 helmet (worn)
 G - a +0 cloak (worn)
 O - a +0 pair of gloves (melded)
 P - +0 swamp dragon scales (worn)
 X - a +0 tower shield
Magical Staves
 e - a staff of poison
Jewellery
 u - a ring of willpower (right blade hand)
 y - a ring of protection from cold
 C - a ring of ice
 F - a ring of protection from fire (left blade hand)
 H - the ring of Suspected Treachery {rN+ MP+9 Int+7 Dex-5 SInv}
   (You found it on level 7 of the Dungeon)

   [ring of positive energy]

   It affects your intelligence (+7).
   It affects your dexterity (-5).
   It protects you from negative energy.
   It affects your magic capacity (+9).
   It lets you see invisible.
 R - an amulet of the acrobat
 S - a ring of positive energy
Wands
 a - a wand of flame (19)
 K - a wand of mindburst (3)
 M - a wand of paralysis (7)
 T - a wand of polymorph (10)
Scrolls
 j - 2 scrolls of identify
 k - a scroll of amnesia
 m - 2 scrolls of teleportation
 w - 7 scrolls of fog {unknown}
 x - a scroll of brand weapon {unknown}
 B - 2 scrolls of vulnerability {unknown}
 E - a scroll of blinking
 Q - 3 scrolls of enchant armour {unknown}
 V - a scroll of enchant weapon {unknown}
 W - a scroll of fear {unknown}
Potions
 b - 2 potions of berserk rage
 c - 2 potions of brilliance {unknown}
 f - 4 potions of flight
 g - 13 potions of curing
 h - a potion of haste {unknown}
 i - 2 potions of might
 l - 2 potions of ambrosia {unknown}
 o - 10 potions of heal wounds
 q - 2 potions of attraction {unknown}
 s - a potion of degeneration {unknown}
 z - a potion of mutation {unknown}
 D - a potion of magic {unknown}
 L - a potion of lignification {unknown}
Miscellaneous
 U - a condenser vane


   Skills:
 + Level 6.5 Fighting
 + Level 5.4 Dodging
 * Level 9.7 Unarmed Combat
 + Level 6.1 Spellcasting
 * Level 9.5 Transmutations
 - Level 4.0 Earth Magic
 - Level 1.0 Poison Magic


You had 4 spell levels left.
You knew the following spells:

 Your Spells              Type           Power      Damage    Failure   Level
a - Beastly Appendage     Tmut           62%        N/A       13%         1
b - Wereblood             Tmut           31%        N/A       14%         2
c - Spider Form           Tmut/Pois      9%         N/A       47%         3
d - Blade Hands           Tmut           15%        N/A       58%         5
e - Petrify               Tmut/Erth      23%        N/A       61%         4
f - Tukima's Dance        Hex            4%         N/A       95%         3

Your spell library contained the following spells:

 Spells                   Type           Power      Damage    Failure   Level
 Corona                   Hex            4%         N/A       73%         1
 Ice Form                 Ice/Tmut       17%        N/A       82%         4
 Ensorcelled Hibernation  Hex/Ice        8%         N/A       83%         2
 Confusing Touch          Hex            4%         N/A       95%         3
 Dazzling Flash           Conj/Hex       8%         N/A       95%         3
 Gell's Gravitas          Tloc           2%         N/A       95%         3
 Yara's Violent Unravell  Hex/Tmut       8%         3d5       97%         5
 Metabolic Englaciation   Hex/Ice        2%         N/A       100%        5


Dungeon Overview and Level Annotations

Branches:
Dungeon (11/15)            Temple (0/1) D:6            Lair (1/6) D:8
    Orc (0/2) D:9           Sewer (visited)

Altars:
Elyvilon
Nemelex Xobeh
Qazlal
Ru
Trog
Yredelemnul
Jiyva

Shops:
D:9 *   D:10 (

Annotations:
D:3 1 runed translucent door, Crazy Yiuf
D:8 3 runed translucent doors, Ajencis's ghost, novice BaIE


Innate Abilities, Weirdness & Mutations

You have blades for hands.
Your spellcasting is less reliable in this form.
You are incapable of wielding weapons or throwing items.
You are completely covered in rugged brown scales. (AC +3, +7% HP)
You have supernaturally acute eyesight. (SInv)
Armour fits poorly on your strangely shaped body.
You occasionally shout uncontrollably at your foes.
You do not regenerate when monsters are visible.
You cannot train Armour skill.
You take slightly more damage. (AC -5)
You can roll at nearby foes to attack.
You have a long armoured tail.
You curl defensively after being hit.


Message History

You slash the hell rat!
The hell rat is almost dead.
The hell rat bites you.
A hell rat comes into view.
The hell rat barely misses you.
The hell rat roars deafeningly!
You hit the hell rat.
You kill the hell rat!
The hell rat closely misses you.
You barely miss the hell rat.
The hell rat is moderately wounded.
The hell rat closely misses you. The hell rat barely misses you.
You slice the hell rat!!
You kill the hell rat!
The hell rat closely misses you.
The hell rat is stunned by your conviction and fails to attack.
You hit the hell rat but do no damage. You tail-slap the hell rat!
The hell rat is severely wounded.
The hell rat is stunned by your conviction and fails to attack.
The hell rat bites you!
You feel drained.
The hell rat bites you but does no damage.
You completely miss the hell rat. You tail-slap the hell rat.
You kill the hell rat!
The hell rat bites you.
You feel drained.
The hell rat bites you but does no damage.
You slash the hell rat! Your slash misses the hell rat.
The hell rat is heavily wounded.
Your transformation is almost over.
The hell rat is stunned by your conviction and fails to attack.
The hell rat bites you but does no damage.
The hell rat is stunned by your conviction and fails to attack.
You shred the hell rat!!!
You kill the hell rat!
The hell rat completely misses you. The hell rat bites you!!
* * * LOW HITPOINT WARNING * * *
You feel drained.
* * * LOW HITPOINT WARNING * * *
You focus your inner power and blind the hell rat in retribution!
The hell rat bites you!
You die...

.. #.>...r.. #..
#....... .............
#...... ...#........
#...... ##...........
##....P# ##............
#......###.............
#......#@.............
#.....†r..............
#......r......<......#
#.............†.....##
#......#...........##
##....###.........##
##..## #........## ###
##########


You could see 2 hell rats.

Vanquished Creatures
  A hydra (D:11)
  2 manticores (D:11)
  A cyclops (D:10)
  A kobold demonologist (D:8)
  3 komodo dragons
  Prince Ribbit (D:5)
  A troll (D:9)
  Grinder (D:4)
  A meliai zombie (D:10)
  A wraith (D:9)
  Sigmund (D:6)
  A wyvern (D:10)
  Eustachio (D:4)
  A steam dragon (D:8)
  Menkaure (D:4)
  Edmund (D:6)
  An acid dragon (D:11)
  4 water moccasins
  2 sky beasts
  6 orc warriors
  A black bear (D:7)
  2 ogres
  7 kobold brigands
  A phantom (D:6)
  3 centaurs
  Blork the orc (D:4)
  2 bullfrogs
  A wyvern zombie (D:9)
  A gnoll sergeant (D:9)
  A water moccasin skeleton (D:4)
  9 killer bees
  5 wights (D:9)
  A howler monkey (D:4)
  3 centaur zombies
  A gnoll shaman (D:5)
  7 orc priests
  A hound (D:7)
  4 iguanas
  8 orc wizards
  Natasha (thrice) (D:3)
  5 hell rats (Lair:1)
  2 killer bee zombies
  2 hound skeletons
  2 howler monkey zombies
  18 gnolls
  A howler monkey skeleton (D:7)
  7 adders
  4 river rats (Sewer)
  A white imp (D:5)
  2 ufetubi
  An adder skeleton (D:4)
  2 worms
  3 dart slugs
  45 orcs
  13 ball pythons
  5 bats
  4 endoplasms
  4 giant cockroaches
  10 goblins
  15 hobgoblins
  8 jackals
  32 kobolds
  10 quokkas
  17 frilled lizards
  26 rats
333 creatures vanquished.

Vanquished Creatures (others)
  A two-headed ogre (D:10)
  A gnoll sergeant (D:9)
  A killer bee (D:8)
  An orc wizard (D:10)
  8 plants
12 creatures vanquished.

Grand Total: 345 creatures vanquished

Notes
Turn   | Place    | Note
-------+----------+-------------------------------------------
     0 | D:1      | jabarkas the Palentonga Transmuter began the quest for the
                  | Orb.
     0 | D:1      | Reached XP level 1. HP: 16/16 MP: 3/3
   140 | D:1      | Reached XP level 2. HP: 20/22 MP: 1/5
   786 | D:1      | Reached XP level 3. HP: 20/27 MP: 6/6
  1130 | D:1      | Learned a level 2 spell: Wereblood
  1134 | D:1      | Learned a level 3 spell: Spider Form
  2032 | D:2      | Reached XP level 4. HP: 21/34 MP: 7/7
  2816 | D:3      | Noticed Natasha
  2851 | D:3      | Killed Natasha
  3077 | D:3      | Reached XP level 5. HP: 14/40 MP: 8/8
  3658 | D:3      | Found a sacrificial altar of Ru.
  3741 | D:3      | Noticed Natasha
  3750 | D:3      | Killed Natasha
  3787 | D:3      | Became a worshipper of Ru the Awakened
  4010 | D:3      | Reached skill level 1 in Poison Magic
  4191 | D:3      | Noticed Natasha
  4194 | D:3      | Killed Natasha
  4623 | D:3      | Found a runed translucent door.
  4624 | D:3      | Noticed Crazy Yiuf
  4697 | D:4      | Noticed Grinder
  4706 | D:4      | Paralysed by Grinder for 6 turns
  4712 | D:4      | HP: 2/40 [Grinder (3)]
  4714 | D:4      | Killed Grinder
  4715 | D:4      | Reached XP level 6. HP: 3/49 MP: 10/10
  5451 | D:4      | Noticed Eustachio
  5752 | D:4      | Noticed Blork the orc
  5759 | D:4      | Killed Blork the orc
  5760 | D:4      | Gained mutation: You curl defensively after being hit.
                  | [Palentonga growth]
  5760 | D:4      | Reached XP level 7. HP: 41/54 MP: 7/11
  5942 | D:4      | Reached skill level 5 in Unarmed Combat
  6010 | D:4      | Noticed Menkaure
  6017 | D:4      | Killed Menkaure
  6470 | D:4      | Gained mutation: You cannot train Armour skill. [Ru
                  | sacrifice]
  6470 | D:4      | Reached * piety under Ru
  6947 | D:4      | Killed Eustachio
  6948 | D:4      | Reached skill level 5 in Transmutations
  7154 | D:5      | Entered Level 5 of the Dungeon
  7247 | D:5      | Found a glowing drain.
  7290 | Sewer    | Entered a sewer
  7848 | Sewer    | Reached XP level 8. HP: 56/62 MP: 13/13
  8226 | D:5      | Noticed Prince Ribbit
  8245 | D:5      | Killed Prince Ribbit
  8821 | D:6      | Noticed Sigmund
  8840 | D:6      | Killed Sigmund
  9185 | D:6      | Noticed Edmund
  9219 | D:6      | Killed Edmund
  9285 | D:6      | Gained mutation: You occasionally shout uncontrollably at
                  | your foes. [Ru sacrifice]
  9317 | D:6      | Found a bloodstained altar of Trog.
  9496 | D:6      | Found a staircase to the Ecumenical Temple.
  9925 | D:6      | Learned a level 5 spell: Blade Hands
  9930 | D:6      | Learned a level 4 spell: Petrify
 10190 | D:6      | Reached XP level 9. HP: 70/70 MP: 12/15
 10488 | D:7      | Identified the ring of Suspected Treachery {rN+ MP+9 Int+7
                  | Dex-5 SInv}
 10609 | D:7      | Reached skill level 1 in Earth Magic
 10964 | D:7      | Found a stormy altar of Qazlal.
 11415 | D:8      | Reached skill level 5 in Fighting
 11468 | D:8      | Noticed a kobold demonologist
 11478 | D:8      | Noticed a rust devil
 11483 | D:8      | Killed a kobold demonologist
 11484 | D:8      | Reached skill level 5 in Spellcasting
 11729 | D:8      | Found a staircase to the Lair.
 11735 | D:8      | Noticed a komodo dragon
 11808 | D:8      | Killed a komodo dragon
 11809 | D:8      | Reached XP level 10. HP: 74/79 MP: 12/17
 11891 | D:8      | Found a white marble altar of Elyvilon.
 11891 | D:8      | Found a sparkling altar of Nemelex Xobeh.
 11891 | D:8      | Found a basalt altar of Yredelemnul.
 11909 | D:8      | Found a runed translucent gate.
 11910 | D:8      | Found a runed translucent gate.
 11911 | D:8      | Found a runed translucent gate.
 12004 | D:8      | Found a viscous altar of Jiyva.
 12004 | D:8      | Noticed Ajencis's ghost (novice BaIE)
 12286 | D:8      | Gained mutation: You take slightly more damage. (AC -5) [Ru
                  | sacrifice]
 12286 | D:8      | Reached ** piety under Ru
 12286 | D:8      | Reached *** piety under Ru
 13768 | D:9      | Found a staircase to the Orcish Mines.
 14132 | D:9      | Found Dotem's General Store.
 14234 | D:9      | Bought a condenser vane for 480 gold pieces
 14456 | D:10     | Entered Level 10 of the Dungeon
 14562 | D:10     | Noticed a cyclops
 14594 | D:10     | Identified the amulet of Uwoockaa {Faith rF- rN+ Str+7}
 14916 | D:10     | Reached skill level 5 in Dodging
 15226 | D:10     | Gained mutation: You do not regenerate when monsters are
                  | visible. [Ru sacrifice]
 15269 | D:10     | Found Siugipt's Weapon Shoppe.
 15269 | D:10     | Noticed a two-headed ogre
 15283 | D:10     | Killed a two-headed ogre
 16204 | D:10     | Killed a cyclops
 16992 | D:11     | Noticed a manticore
 17003 | D:11     | HP: 3/81 [manticore (13)]
 17005 | D:11     | Killed a manticore
 17006 | D:11     | Reached XP level 11. HP: 31/86 MP: 16/19
 17584 | D:11     | Learned a level 3 spell: Tukima's Dance
 18333 | D:11     | Noticed a seven-headed hydra
 18337 | D:11     | Noticed a five-headed hydra
 18340 | D:11     | Killed a seven-headed hydra
 18534 | Lair:1   | Entered Level 1 of the Lair of Beasts
 18627 | Lair:1   | Slain by a hell rat

Illustrated notes

Levels and vault maps discovered:
D:1:      beargit_arrival_greenhouse, layout_basic, minmay_box_of_dots
D:2:      layout_basic
D:3:      layout_loops_cross, nicolae_ru_the_path_less_chosen, uniq_natasha,
          uniq_crazy_yiuf_cottage
D:4:      minmay_thick_lines, layout_basic, uniq_menkaure, uniq_blork_the_orc,
          uniq_grinder, uniq_eustachio
D:5:      layout_basic, portal_sewer_entry_d, uniq_prince_ribbit1
D:6:      layout_loops_cross, minmay_temple_entry_gardened_gates, basic_altar,
          minmay_lizard_king, uniq_edmund, uniq_sigmund
D:7:      layout_basic, lemuel_coloured_pillars_altar
D:8:      layout_basic, gammafunk_temple_overflow_claw, david_lair_shrubbed,
          special_room [special_room_kobold], gammafunk_ghost_endoplasm
D:9:      layout_gridville, david_orc_4, serial_shops, shop
D:10:     layout_rooms, chequers_hall_statues_corner_a, kennysheep_small_square
D:11:     layout_rooms, nicolae_trove_entry_crossroad, pond
Lair:1:   layout_gridlike, basic_altar, portal_ice_cave_entry_imps,
          minivault_26, beast_lair_carwin_2, uniq_gastronok

Skill      XL: |  1  2  3  4  5  6  7  8  9 10 11 |
---------------+----------------------------------+-----
Dodging        | 2 3 4 5 |  5.4
Transmutations | 3 4 5 6 7 9 |  9.5
Unarmed Combat | 4 5 6 8 9 |  9.7
Fighting       | 2 3 4 5 6 |  6.5
Poison Magic   | 1 |  1.0
Spellcasting   | 3 4 5 6 |  6.1
Earth Magic    | 2 3 4 |  4.0

Action                   |  1- 3 |  4- 6 |  7- 9 | 10-12 || total
-------------------------+-------+-------+-------+-------++-------
Melee: Unarmed           |   173 |   168 |   428 |   357 ||  1126
       Tailslap          |    15 |    14 |    20 |    22 ||    71
       Kick              |    16 |    17 |     5 |    22 ||    60
       Headbutt          |     8 |     7 |     8 |    13 ||    36
       Punch             |       |     1 |     4 |     8 ||    13
Throw: Javelin           |       |     2 |     4 |       ||     6
       Dart              |       |       |     3 |     6 ||     9
 Cast: Beastly Appendage |    13 |    14 |    10 |    11 ||    48
       Wereblood         |       |     1 |     7 |     2 ||    10
       Spider Form       |       |     2 |    30 |    20 ||    52
       Blade Hands       |       |       |     2 |     3 ||     5
       Petrify           |       |       |     2 |     2 ||     4
Invok: Sacrifice Durabil |       |       |     1 |       ||     1
       Sacrifice Purity  |       |       |     1 |     1 ||     2
       Sacrifice Health  |       |       |       |     1 ||     1
       Draw Out Power    |       |       |       |     1 ||     1
 Abil: Rolling Charge    |    29 |    26 |    13 |     4 ||    72
Evoke: Wand              |       |       |     6 |     9 ||    15
  Use: Potion            |       |     1 |     1 |     5 ||     7
       Scroll            |       |       |     9 |     3 ||    12
 Stab: Distracted        |       |       |     2 |     1 ||     3
       Invisible         |       |       |       |     7 ||     7
       Petrified         |       |       |       |     7 ||     7
       Petrifying        |       |       |       |     2 ||     2
Armor: Robe              |    70 |    27 |    38 |       ||   135
       Skin              |       |     2 |     9 |       ||    11
       Troll leather arm |       |       |    34 |    24 ||    58
       Swamp dragon scal |       |       |       |    21 ||    21
Dodge: Dodged            |    83 |    73 |   241 |   278 ||   675
Block: Other             |       |       |    36 |    41 ||    77
       Reflection        |       |       |     2 |     2 ||     4

Table legend: (Time is in decaauts)
 A = Elapsed time spent in this place.
 B = Non-inter-level travel time spent in this place.
 C = Inter-level travel time spent in this place.
 D = Time resting spent in this place.
 E = Time spent auto-exploring this place.
 F = Levels seen in this place.
 G = Mean time per level.
                   A        B        C        D        E       F      G
               +--------+--------+--------+--------+--------+-----+--------+
         Total |  18566 |  17310 |   1256 |   5664 |   8027 |  13 | 1428.2 |
       Dungeon |  17609 |  16353 |   1256 |   5352 |   7713 |  11 | 1600.8 |
          Lair |     41 |     41 |      0 |      8 |      0 |   1 |   41.0 |
         Sewer |    915 |    915 |      0 |    304 |    313 |   1 |  915.0 |
               +--------+--------+--------+--------+--------+-----+--------+

Top non-repeatable levels by time:
     D:3: 2423 daAuts
     D:9: 2363 daAuts
     D:8: 2357 daAuts
    D:10: 1825 daAuts
     D:4: 1694 daAuts
     D:2: 1549 daAuts
     D:1: 1502 daAuts
     D:5: 1088 daAuts
     D:6: 1039 daAuts
   Sewer: 915 daAuts
     D:7: 907 daAuts
    D:11: 858 daAuts
  Lair:1: 41 daAuts
